 Dungeon Crawl Stone Soup version 0.25-a0-1113-g0499d652a8 (webtiles) character file.

Game seed: 2802937160682359136, levelgen mode: deterministic

131683 Flugslaktarn the Severer (level 16, 0/154 HPs)
             Began as a Deep Dwarf Fighter on May 16, 2020.
             Was the Champion of Makhleb.
             Slain by the 27-headed Lernaean hydra (6 damage)
             ... on level 4 of the Swamp.
             The game lasted 00:13:52 (15247 turns).

Flugslaktarn the Severer (Deep Dwarf Fighter)      Turns: 15247, Time: 00:13:53

Health: 0/154      AC: 30    Str: 35    XL:     16   Next: 55%
Magic:  0/0        EV:  9    Int: 10    God:    Makhleb [******]
Gold:   1291       SH: 15    Dex: 12    Spells: 15/15 levels left

rFire    . . .     SeeInvis .   S - +4 broad axe
rCold    + . .     Gourm    .   c - +0 kite shield
rNeg     + . .     Faith    .   P - +7 chain mail of Protective Custody {+Blink rC+ Str+3 Stlth+}
rPois    .         Spirit   .   g - +0 helmet
rElec    .         Reflect  .   J - +2 cloak
rCorr    .         Harm     .   f - +2 pair of gloves
MR       +++..                  E - +0 pair of boots
Stlth    ..........             (no amulet)
HPRegen  0.00/turn              F - +6 ring of strength
MPRegen  0.07/turn              m - ring of protection from magic

@: non-regenerating, studying Fighting
A: damage resistance, heal wounds, mutation resistance 1, negative energy
resistance 1, sense surroundings 2, no regeneration
a: Heal Wounds, Minor Destruction, Lesser Servant of Makhleb, Major Destruction,
Greater Servant of Makhleb, Renounce Religion, Evoke Blink


You were on level 4 of the Swamp.
You worshipped Makhleb.
Makhleb was exalted by your worship.
You were hungry.

You visited 4 branches of the dungeon, and saw 26 of its levels.
You also visited: Bailey.

You collected 1291 gold pieces.

Inventory:

Hand Weapons
 S - a +4 broad axe (weapon)
   (You took it off an orc knight on level 15 of the Dungeon)
Missiles
 H - a throwing net (quivered)
Armour
 c - a +0 kite shield (worn)
 f - a +2 pair of gloves (worn)
   (You found it on level 5 of the Dungeon)
 g - a +0 helmet (worn)
   (You found it on level 1 of the Lair of Beasts)
 E - a +0 pair of boots (worn)
   (You found it on level 3 of the Lair of Beasts)
 J - a +2 cloak (worn)
   (You found it on level 3 of the Dungeon)
 P - the +7 chain mail of Protective Custody (worn) {+Blink rC+ Str+3 Stlth+}
   (You found it on level 3 of the Lair of Beasts)

   It affects your strength (+3).
   It protects you from cold.
   It lets you blink.
   It makes you more stealthy.
Jewellery
 k - an uncursed ring of resist corrosion
   (You found it on level 9 of the Dungeon)
 l - an uncursed ring of ice {unknown}
   (You found it on level 15 of the Dungeon)
 m - a ring of protection from magic (right hand)
   (You found it on level 1 of the Lair of Beasts)
 B - a +6 ring of dexterity
   (You found it on level 8 of the Dungeon)
 F - a +6 ring of strength (left hand)
   (You found it on level 4 of the Lair of Beasts)
Wands
 v - a wand of digging (11)
   (You found it on level 2 of the Lair of Beasts)
 y - a wand of paralysis (26)
   (You found it on level 5 of the Lair of Beasts)
 A - a wand of iceblast (5)
   (You found it on level 5 of the Dungeon)
 C - a wand of enslavement (11)
   (You took it off an orc warrior on level 8 of the Dungeon)
 G - a wand of clouds (2)
   (You found it on level 9 of the Dungeon)
 I - a wand of acid (1)
   (You found it on level 9 of the Dungeon)
Scrolls
 i - 3 scrolls of immolation
 o - 3 scrolls of magic mapping
 r - 5 scrolls of identify
 t - 6 scrolls of teleportation
 x - 11 scrolls of remove curse
 z - a scroll of blinking
 L - 4 scrolls of fear
 M - 3 scrolls of fog
 N - 2 scrolls of vulnerability
Potions
 b - 3 potions of cancellation
 d - 5 potions of might
 h - a potion of haste
 j - a potion of invisibility
 n - 2 potions of flight
 q - a potion of curing
 s - a potion of magic
 u - 3 potions of lignification
 w - 8 potions of heal wounds
 D - 2 potions of mutation
 Q - 2 potions of ambrosia
Books
 R - a manual of Fighting
   (You found it in a bailey)
Miscellaneous
 O - a tin of tremorstones (inert)
   (You found it on level 3 of the Lair of Beasts)
Comestibles
 e - 20 rations


   Skills:
 + Level 12.6 Fighting
 * Level 17.8 Axes
 + Level 13.3 Armour
 + Level 13.4 Shields
 + Level 13.8 Invocations
 - Level 6.0 Evocations


You had 15 spell levels left.
You didn't know any spells.
Your spell library was empty.

Dungeon Overview and Level Annotations

Branches:
Dungeon (15/15)            Temple (1/1) D:7            Lair (6/6) D:8
  Swamp (4/4) Lair:2        Snake (0/4) Lair:2        Slime (0/5) Lair:6
    Orc (0/2) D:10         Depths (0/5) D:15         Bailey (visited)
 Vaults: D:13-14

Altars:
Ashenzari
Cheibriados
Elyvilon
Fedhas
Gozag
Kikubaaqudgha
Makhleb
Nemelex Xobeh
Okawaru
Qazlal
Ru
Sif Muna
Trog
Uskayaw
Vehumet
Wu Jian
Xom
Yredelemnul
Zin
The Shining One
Beogh

Annotations:
Swamp:4 Lernaean hydra


Innate Abilities, Weirdness & Mutations

You are resistant to damage.
You can heal yourself by infusing magical energy.
You resist negative energy. (rN+)
You passively map the area around you.
You do not regenerate.
You are somewhat resistant to further mutation.


Message History

The 27-headed Lernaean hydra bites you but does no damage. x5
The 27-headed Lernaean hydra bites you!
* * * LOW HITPOINT WARNING * * *
The 27-headed Lernaean hydra bites you.
* * * LOW HITPOINT WARNING * * *
You block the 27-headed Lernaean hydra's attack.
The 27-headed Lernaean hydra bites you but does no damage.
You block the 27-headed Lernaean hydra's attack.
The 27-headed Lernaean hydra bites you but does no damage. x2
You block the 27-headed Lernaean hydra's attack.
The 27-headed Lernaean hydra bites you. The 27-headed Lernaean hydra bites you!
* * * LOW HITPOINT WARNING * * *
The 27-headed Lernaean hydra bites you but does no damage.
The 27-headed Lernaean hydra barely misses you.
You block the 27-headed Lernaean hydra's attack.
The 27-headed Lernaean hydra bites you!
* * * LOW HITPOINT WARNING * * *
The 27-headed Lernaean hydra bites you but does no damage.
The 27-headed Lernaean hydra bites you!
You die...

### * ♣♣≈≈ ##.§≈ *
* ♣♣≈ #≈≈. ,, ♣♣.
#.≈* , ♣≈≈ ##≈####
♣♣♣ ##.≈≈.§## ♣♣
##≈..≈≈≈≈## ♣♣.
#§≈..###..## * ♣.♣
#D@### ##≈.## ♣♣.≈
#D.# ≈##≈≈###♣≈.♣
#♣D..≈...#...≈....≈
≈≈.≈..≈[#≈≈≈.≈..†.
#≈..≈≈≈.≈#..≈.≈≈.≈.
#≈.##≈.≈##.≈###≈♣≈.
#..# #≈##..## #♣♣..
#≈.≈ ##.§## ♣♣≈
##.≈ ≈≈≈# ♣♣


You could see the 27-headed Lernaean hydra and 2 six-headed hydras.

Vanquished Creatures
  Mara (Swamp:4)
  Kirke (D:13)
  A thorn hunter (Swamp:4)
  2 dire elephants
  An ettin (D:15)
  13 hydras
  A shambling mangrove (Swamp:3)
  A ghost crab (Swamp:3)
  An alligator (Swamp:4)
  3 tengu warriors (D:15)
  7 two-headed ogres
  An ogre mage (D:15)
  A skeletal warrior (D:12)
  A spriggan druid (Swamp:4)
  A wizard (D:9)
  2 unseen horrors
  A deep troll (D:15)
  A deep elf archer (D:15)
  6 swamp dragons
  Pikel (D:5)
  An orc sorcerer (D:15)
  22 ugly things
  2 orc knights
  2 deep elf magi
  A cyclops (D:15)
  15 elephants (Lair:4)
  An eye of devastation (Lair:6)
  4 black mambas
  9 spiny frogs
  4 kobold demonologists
  11 rime drakes
  7 komodo dragons
  A yaktaur (D:15)
  3 tengu conjurers
  A merfolk (D:9)
  A polar bear (D:10)
  A hornet (D:12)
  5 trolls
  4 tyrant leeches
  7 slime creatures (Swamp:4)
  6 bog bodies
  11 hippogriffs
  21 blink frogs
  5 dream sheep (Lair:3)
  A spriggan (Lair:4)
  2 wyverns
  A vampire (D:12)
  A basilisk (shapeshifter) (D:15)
  5 large abominations (D:9)
  5 steam dragons (Lair:3)
  53 yaks
  5 basilisks
  21 vampire mosquitoes
  7 swamp worms
  5 insubstantial wisps (Swamp:4)
  10 water moccasins
  8 swamp drakes
  7 porcupines
  20 orc warriors
  3 ice beasts
  2 sky beasts
  A black bear (D:10)
  7 wolves
  9 centaurs
  3 phantoms
  An eye of draining (Lair:6)
  9 ogres
  6 crocodiles
  A big kobold (D:12)
  16 bullfrogs
  A wyvern zombie (D:9)
  7 small abominations (D:9)
  A wyvern skeleton (D:13)
  7 scorpions
  4 killer bees (D:10)
  7 wights (D:11)
  5 howler monkeys
  3 crimson imps
  A bullfrog zombie (D:9)
  6 hounds
  2 centaur skeletons (D:9)
  A jelly (D:15)
  10 orc priests
  16 orc wizards
  A bullfrog skeleton (D:10)
  5 iguanas
  10 worker ants
  A bullfrog simulacrum (D:10)
  A hound zombie (D:7)
  2 hound skeletons
  A worker ant zombie (D:6)
  A howler monkey skeleton (D:10)
  14 adders
  8 gnolls
  2 shadow imps
  3 ufetubi (D:10)
  2 oozes
  2 adder skeletons
  An adder zombie (D:5)
  A dart slug (D:3)
  6 leopard geckos
  82 orcs
  A bat (D:1)
  5 giant cockroaches
  8 goblins
  2 hobgoblins
  16 jackals
  8 kobolds
  2 quokkas
  2 ball pythons
  5 frilled lizards
  A jackal zombie (D:6)
  A leopard gecko skeleton (D:6)
  A quokka skeleton (D:4)
  8 rats
  A bush (D:6)
  6 fungi
  A plant (Lair:3)
683 creatures vanquished.

Vanquished Creatures (collateral kills)
  5 hydras (Swamp:4)
  Sonja (Lair:3)
  A fire crab (Lair:3)
  2 swamp dragons (Swamp:4)
  A lindwurm (Lair:3)
  2 rime drakes (Lair:3)
  A hornet (Swamp:4)
  A dream sheep (Lair:3)
  A wyvern (Lair:3)
  A steam dragon (Lair:3)
  3 swamp worms (Swamp:4)
  A water moccasin (Lair:3)
  2 swamp drakes (Swamp:4)
  A crocodile (Lair:3)
  An electric eel (Lair:3)
24 creatures vanquished.

Vanquished Creatures (others)
  A hydra (Swamp:4)
  A leopard gecko skeleton (D:5)
  4 fungi
  5 plants
  11 toadstools (Lair:3)
22 creatures vanquished.

Grand Total: 729 creatures vanquished

Notes
Turn   | Place    | Note
-------+----------+-------------------------------------------
     0 | D:1      | Flugslaktarn the Deep Dwarf Fighter began the quest for the
                  | Orb.
     0 | D:1      | Reached XP level 1. HP: 20/20 MP: 1/1
    73 | D:1      | Reached XP level 2. HP: 27/27 MP: 2/2
   183 | D:3      | Reached skill level 3 in Axes
   184 | D:3      | Reached XP level 3. HP: 31/34 MP: 3/3
   256 | D:3      | Reached XP level 4. HP: 37/42 MP: 4/4
   371 | D:3      | Noticed a bullfrog
   387 | D:3      | Killed a bullfrog
   387 | D:3      | Reached skill level 4 in Axes
   387 | D:3      | Reached XP level 5. HP: 24/49 MP: 5/5
   500 | D:4      | Noticed an ogre
   511 | D:4      | Killed an ogre
   511 | D:4      | Reached XP level 6. HP: 38/57 MP: 5/5
   621 | D:4      | Reached skill level 5 in Axes
   781 | D:4      | Reached XP level 7. HP: 31/64 MP: 6/6
   910 | D:4      | Found an ornate altar of the Wu Jian Council.
  1220 | D:5      | Entered Level 5 of the Dungeon
  1321 | D:5      | Reached skill level 5 in Armour
  1321 | D:5      | Reached skill level 5 in Shields
  1620 | D:5      | Found an opulent altar of Gozag.
  1621 | D:5      | Noticed Pikel
  1635 | D:5      | Killed Pikel
  1635 | D:5      | Reached skill level 6 in Axes
  1635 | D:5      | Reached XP level 8. HP: 50/73 MP: 7/7
  2026 | D:6      | Reached skill level 7 in Axes
  2149 | D:6      | Reached skill level 5 in Fighting
  2282 | D:6      | Found a sacrificial altar of Ru.
  2283 | D:6      | Found a shattered altar of Ashenzari.
  2377 | D:6      | Reached skill level 8 in Axes
  2570 | D:6      | Found a shimmering altar of Xom.
  2641 | D:6      | Found a sparkling altar of Nemelex Xobeh.
  3061 | D:7      | Found a stormy altar of Qazlal.
  3116 | D:7      | Found a staircase to the Ecumenical Temple.
  3118 | D:7      | Noticed a hippogriff
  3134 | D:7      | Killed a hippogriff
  3134 | D:7      | Gained mutation: You passively map the area around you.
                  | [Deep Dwarf growth]
  3134 | D:7      | Reached XP level 9. HP: 35/81 MP: 6/6
  3144 | Temple   | Entered the Ecumenical Temple
  3318 | Temple   | Became a worshipper of Makhleb the Destroyer
  3574 | D:7      | Reached skill level 1 in Invocations
  3587 | D:7      | Reached skill level 9 in Axes
  4051 | D:7      | Found an iron altar of Okawaru.
  4183 | D:8      | Noticed a two-headed ogre
  4193 | D:8      | Killed a two-headed ogre
  4193 | D:8      | Reached * piety under Makhleb
  4257 | D:8      | Reached skill level 10 in Axes
  4265 | D:8      | Reached XP level 10. HP: 44/92 MP: 7/7
  4306 | D:8      | Found a staircase to the Lair.
  4475 | D:8      | Gained mutation: Your spells are a little easier to cast,
                  | but a little less powerful. [potion of mutation]
  4475 | D:8      | Lost mutation: Your spells are a little easier to cast, but
                  | a little less powerful. [potion of mutation]
  4475 | D:8      | Gained mutation: Your magical capacity is low. (-10% MP)
                  | [potion of mutation]
  4475 | D:8      | Gained mutation: You passively map a large area around you.
                  | [potion of mutation]
  4501 | D:8      | Reached ** piety under Makhleb
  4502 | D:8      | Lost mutation: Your magical capacity is low. (-10% MP)
                  | [potion of mutation]
  4502 | D:8      | Lost mutation: You passively map a large area around you.
                  | [potion of mutation]
  4502 | D:8      | Gained mutation: You are somewhat resistant to further
                  | mutation. [potion of mutation]
  4670 | D:8      | Noticed a two-headed ogre
  4687 | D:8      | Killed a two-headed ogre
  4896 | D:9      | Reached skill level 5 in Invocations
  5375 | D:9      | Found a basalt altar of Yredelemnul.
  5442 | D:9      | Noticed a wizard
  5467 | D:9      | Killed a wizard
  5467 | D:9      | Reached skill level 11 in Axes
  5492 | D:9      | Noticed a large abomination
  5565 | D:9      | Killed a large abomination
  5587 | D:9      | Reached XP level 11. HP: 71/100 MP: 6/6
  5623 | D:9      | Reached *** piety under Makhleb
  5720 | Lair:1   | Entered Level 1 of the Lair of Beasts
  5751 | Lair:1   | Noticed a six-headed hydra
  5766 | Lair:1   | Killed a nine-headed hydra
  5864 | Lair:1   | Noticed a five-headed hydra
  5878 | Lair:1   | Killed an eight-headed hydra
  6021 | Lair:1   | Reached skill level 12 in Axes
  6681 | Lair:2   | Found a staircase to the Swamp.
  6707 | Lair:2   | Found a shimmering blue altar of Sif Muna.
  6722 | Lair:2   | Noticed a six-headed hydra
  6739 | Lair:2   | Killed an 11-headed hydra
  7058 | Lair:2   | Reached XP level 12. HP: 91/110 MP: 4/4
  7136 | Lair:2   | Found a staircase to the Snake Pit.
  7219 | Lair:2   | Reached skill level 13 in Axes
  7833 | Lair:3   | Reached skill level 10 in Shields
  7852 | Lair:3   | Reached skill level 10 in Armour
  7908 | Lair:3   | Noticed a dire elephant
  7928 | Lair:3   | Found a runed translucent door.
  8028 | Lair:3   | Noticed Sonja
  8087 | Lair:3   | Killed Sonja
  8152 | Lair:3   | Found a snail-covered altar of Cheibriados.
  8283 | Lair:3   | Reached **** piety under Makhleb
  8880 | Lair:3   | Reached skill level 14 in Axes
  8948 | Lair:3   | Killed a dire elephant
  9009 | Lair:3   | Got a transparent chain mail
  9020 | Lair:3   | Identified the +7 chain mail of Protective Custody {+Blink
                  | rC+ Str+3 Stlth+} (You found it on level 3 of the Lair of
                  | Beasts)
  9085 | Lair:4   | Reached skill level 1 in Evocations
  9359 | Lair:4   | Reached XP level 13. HP: 121/121 MP: 2/2
  9371 | Lair:4   | Reached skill level 5 in Evocations
  9657 | Lair:4   | Reached skill level 10 in Invocations
  9791 | Lair:4   | Noticed a dire elephant
  9834 | Lair:4   | Killed a dire elephant
  9877 | Lair:4   | Found the +4 Cigotuvi's embrace {rRot *Drain rN+}
 10333 | Lair:5   | Reached ***** piety under Makhleb
 10531 | Lair:5   | Reached skill level 15 in Axes
 10732 | Lair:6   | Entered Level 6 of the Lair of Beasts
 10761 | Lair:6   | Found a staircase to the Slime Pits.
 10795 | Lair:6   | Found an ornate altar of the Wu Jian Council.
 10935 | D:10     | Entered Level 10 of the Dungeon
 11177 | D:10     | Found a flagged portal.
 11187 | Bailey   | Entered a bailey
 11356 | Bailey   | Gained mutation: You resist negative energy. (rN+) [Deep
                  | Dwarf growth]
 11356 | Bailey   | Reached XP level 14. HP: 130/130 MP: 4/4
 11443 | Bailey   | Reached skill level 10 in Fighting
 11443 | Bailey   | Reached XP level 15. HP: 134/138 MP: 5/5
 11607 | D:10     | Reached ****** piety under Makhleb
 11757 | D:10     | Found a staircase to the Orcish Mines.
 11789 | D:10     | Found a roughly hewn altar of Beogh.
 12388 | D:13     | Noticed Kirke
 12395 | D:13     | Reached skill level 16 in Axes
 12400 | D:13     | Noticed a sphinx
 12401 | D:13     | Killed Kirke
 12599 | D:15     | Entered Level 15 of the Dungeon
 13128 | D:15     | Found a frozen archway.
 13505 | D:15     | Found a staircase to the Depths.
 14127 | Swamp:1  | Entered Level 1 of the Swamp
 14356 | Swamp:3  | Reached skill level 17 in Axes
 14554 | Swamp:3  | Reached XP level 16. HP: 109/152 MP: 7/7
 14562 | Swamp:4  | Entered Level 4 of the Swamp
 14571 | Swamp:4  | Noticed a thorn hunter
 14586 | Swamp:4  | Killed a thorn hunter
 14840 | Swamp:4  | Noticed Mara
 14859 | Swamp:4  | Noticed Flugslaktarn's illusion
 14863 | Swamp:4  | HP: 3/152 [Mara (illusionary)/bolt of fire (47)]
 14890 | Swamp:4  | Noticed Flugslaktarn's illusion
 14909 | Swamp:4  | Noticed Flugslaktarn's illusion
 14915 | Swamp:4  | Killed Mara
 15241 | Swamp:4  | Noticed the 27-headed Lernaean hydra
 15247 | Swamp:4  | HP: 6/154 [the 27-headed Lernaean hydra (8)]
 15247 | Swamp:4  | Slain by the 27-headed Lernaean hydra

Illustrated notes

Levels and vault maps discovered:
D:1:      eino_arrival_tree_alley, layout_basic, chequers_serial_rivers_micro_c
D:2:      layout_rooms, first_ration, uniq_terence
D:3:      layout_loops_ring, riverfiend_overflow_shadow_ancestor,
          chequers_serial_rivers_small_b, minmay_fractal_squares_diagonal_5,
          uniq_grinder, uniq_jessica
D:4:      layout_loops_ring, marbit_many_paths, minmay_circle_x
D:5:      layout_loops_ring, nicolae_gozag_seed_capital, uniq_pikel
D:6:      layout_loops_corners, lemuel_round_altar, kennysheep_mini,
          nicolae_overflow_hidden_temple, chequers_serial_rivers_small_b,
          st_stairs_5, kb_lookout_dungeons_type, minmay_quadrilaterals
D:7:      minmay_octagon_keep, layout_loops_ring,
          nicolae_overflow_crystal_walls, minmay_temple_entry_tees,
          okawaru_trees_2
D:8:      minmay_general_purpose_star, layout_cave_pools, lair_entry_dummy
D:9:      layout_cave_pools, kennysheep_little_box, hangedman_fish_farm,
          minmay_crystal_water, minivault_24, laboratory
D:10:     kennysheep_kobold_lugonu_temple, layout_loops_ring,
          minmay_orc_entry_temple_small, enter_bailey_3, serial_ice,
          serial_ice_a, serial_ice_e, serial_ice_o, serial_ice_d
D:11:     layout_roguey, serial_shops, shop, nrook_mini_vaults
D:12:     layout_gridville, serial_shops, shop, minmay_misc_feat_enclosed,
          wad_mini_maze
D:13:     layout_basic, grunt_vaults_entry_tiered, uniq_kirke, uniq_maurice
D:14:     layout_roguey, serial_shops, nicolae_shop_trees,
          minmay_misc_feat_five, tgw_lugonu_bribe
D:15:     hangedman_depths_entry_civil_slaughter, layout_layer_cave,
          minmay_misc_feat_alley, portal_ice_cave_entry_pillars_1
Temple:   minmay_temple_bridge_abc
Lair:1:   layout_chaotic_city
Lair:2:   layout_roguey, minmay_swamp_entry_swarm, dummy_snake_entry,
          basic_altar
Lair:3:   gammafunk_lair_enchanted_lake, layout_loops_ring, basic_altar,
          bobbens_dragon_lair_wall, uniq_sonja
Lair:4:   mu_elephants_graveyard, layout_gridlike
Lair:5:   layout_misc_corridors
Lair:6:   grunt_lair_end_beastmaster, layout_hall_layers,
          minmay_slime_entry_eyes, basic_altar, lemuel_fruit_tree,
          grunt_megastairs_4, infiniplex_staircase_pool
Swamp:1:  layout_basic_swamp, evilmike_swamp_ruin_house_1, swamp_pool5
Swamp:2:  layout_falls_marsh, nicolae_swamp_orc_logging_accident, swamp_pool4
Swamp:3:  layout_falls_marsh, hangedman_swamp_cone, uniq_roxanne
Swamp:4:  swamp_basic_johnstein, layout_basic_swamp, uniq_mara

Skill      XL: |  1  2  3  4  5  6  7  8  9 10 11 12 13 14 15 16 |
---------------+-------------------------------------------------+-----
Axes           | 3 4 5 6 8 10 11 12 14 15 17 | 17.8
Fighting       | 3 4 5 6 7 8 9 10 11 12 | 12.6
Armour         | 4 5 6 7 8 9 10 11 12 13 | 13.3
Shields        | 4 5 6 7 8 9 10 11 12 13 | 13.4
Invocations    | 3 6 8 9 11 13 | 13.8
Evocations     | 3 6 |  6.0

Action                   |  1- 3 |  4- 6 |  7- 9 | 10-12 | 13-15 | 16-18 || total
-------------------------+-------+-------+-------+-------+-------+-------++-------
Melee: War axe           |    74 |   123 |   174 |   607 |   955 |       ||  1933
       Hand axe          |       |       |   191 |   325 |       |       ||   516
       Broad axe         |       |       |       |       |   232 |   220 ||   452
Invok: Lesser Servant of |       |       |       |    12 |       |       ||    12
       Greater Servant o |       |       |       |       |       |     7 ||     7
 Abil: Heal Wounds       |       |     3 |    11 |    50 |     3 |    17 ||    84
Evoke: Wand              |       |       |     1 |    12 |       |     1 ||    14
       Tin of tremorston |       |       |       |       |     1 |     5 ||     6
  Use: Scroll            |       |     9 |     4 |     8 |     9 |     1 ||    31
       Potion            |       |       |       |     8 |     4 |     5 ||    17
 Stab: Distracted        |       |       |       |     7 |       |     2 ||     9
       Confused          |       |       |       |       |       |     2 ||     2
  Eat: Chunk             |       |       |     5 |    17 |     9 |     2 ||    33
       Ration            |       |       |     2 |     1 |     2 |       ||     5
Armor: Scale mail        |    43 |    55 |       |       |       |       ||    98
       Chain mail        |       |     2 |   137 |    44 |   764 |   397 ||  1344
       Plate armour      |       |       |    32 |   478 |       |       ||   510
       Skin              |       |       |       |       |       |    43 ||    43
Dodge: Dodged            |    34 |    35 |    61 |   203 |   364 |   189 ||   886
Block: Kite shield       |    48 |    79 |   178 |   586 |   918 |   276 ||  2085

Table legend:
 A = Non-vault XP
 B = Vault XP
 C = Vault XP percentage of total XP
 D = Non-vault monster count
 E = Vault monster count
 F = Vault count percentage of total count
                 A         B        C        D         E       F
            +---------+---------+-------+---------+---------+-------
      Total |   91600 |   57940 |  38.7 |     514 |     186 |  26.6
            +---------+---------+-------+---------+---------+-------
        D:1 |      21 |       0 |   0.0 |      12 |       0 |   0.0
        D:2 |      13 |       0 |   0.0 |       1 |       0 |   0.0
        D:3 |     176 |      14 |   7.4 |      22 |       8 |  26.7
        D:4 |     437 |     126 |  22.4 |      24 |       3 |  11.1
        D:5 |     115 |     617 |  84.3 |       9 |       1 |  10.0
        D:6 |     769 |     265 |  25.6 |      17 |       4 |  19.0
        D:7 |    1157 |     450 |  28.0 |      28 |       9 |  24.3
        D:8 |    2169 |     922 |  29.8 |      28 |       3 |   9.7
        D:9 |    1367 |    3069 |  69.2 |      31 |      14 |  31.1
       D:10 |    4951 |    1706 |  25.6 |      47 |      23 |  32.9
       D:11 |    1880 |       0 |   0.0 |      14 |       0 |   0.0
       D:12 |    3242 |    2277 |  41.3 |      22 |       3 |  12.0
       D:13 |    1879 |    2205 |  54.0 |       8 |       1 |  11.1
       D:14 |    5099 |       0 |   0.0 |      12 |       0 |   0.0
       D:15 |   16633 |    4716 |  22.1 |      37 |       6 |  14.0
     Lair:1 |    5736 |       0 |   0.0 |      26 |       0 |   0.0
     Lair:2 |    5692 |     892 |  13.5 |      27 |       5 |  15.6
     Lair:3 |    3572 |    8586 |  70.6 |      16 |      27 |  62.8
     Lair:4 |    5905 |    8684 |  59.5 |      24 |      17 |  41.5
     Lair:5 |    7218 |       0 |   0.0 |      32 |       0 |   0.0
     Lair:6 |    1880 |     556 |  22.8 |       9 |       2 |  18.2
    Swamp:1 |    2337 |       0 |   0.0 |       8 |       0 |   0.0
    Swamp:2 |    1462 |       0 |   0.0 |       7 |       0 |   0.0
    Swamp:3 |    4655 |       0 |   0.0 |      12 |       0 |   0.0
    Swamp:4 |   13235 |   21303 |  61.7 |      41 |      27 |  39.7
     Bailey |       0 |    1552 | 100.0 |       0 |      33 | 100.0
            +---------+---------+-------+---------+---------+-------
